 Dungeon Crawl Stone Soup version 0.25.0-1-g7eea58d2a3 (webtiles) character file.

Game seed: 11630010531617811917

8578 nikku the Thaumaturge (level 11, -2/70 HPs)
             Began as a Deep Elf Conjurer on June 13, 2020.
             Was an Initiate of Dithmenos.
             Slain by a two-headed ogre
             ... wielding a +0 giant club
              (16 damage)
             ... on level 11 of the Dungeon.
             The game lasted 00:43:40 (13089 turns).

nikku the Thaumaturge (Deep Elf Conjurer)          Turns: 13089, Time: 00:43:41

Health: -2/70      AC:  7    Str:  5    XL:     11   Next: 11%
Magic:  4/27       EV: 12    Int: 24    God:    Dithmenos [......]
Gold:   556        SH: 11    Dex: 15    Spells: 19/30 levels left

rFire    + . .     SeeInvis .   a - +2 flail "Ocogh" {speed, MR+}
rCold    + . .     Gourm    .   r - +1 kite shield
rNeg     . . .     Faith    .   D - +2 robe {rC+ rF+}
rPois    .         Spirit   .   y - +1 hat
rElec    .         Reflect  .   (no cloak)
rCorr    .         Harm     .   (no gloves)
MR       ++...                  j - +1 pair of boots
Stlth    ++........             E - amulet of magic regeneration
HPRegen  0.21/turn              (no ring)
MPRegen  0.45/turn              (no ring)

@: very slightly contaminated
A: antennae 1, robust 1
a: Renounce Religion


You were on level 11 of the Dungeon.
You worshipped Dithmenos.
Dithmenos was noncommittal.
You were not hungry.

You visited 2 branches of the dungeon, and saw 12 of its levels.
You also visited: Ossuary.

You collected 656 gold pieces.
You spent 100 gold pieces at shops.

Inventory:

Hand Weapons
 a - the +2 flail "Ocogh" (weapon) {speed, MR+}
   (You found it on level 11 of the Dungeon)

   Attacks with this weapon are significantly faster.
   It affects your resistance to hostile enchantments.
Missiles
 k - 12 curare-tipped darts (quivered)
 l - 23 poisoned darts
Armour
 j - a +1 pair of boots (worn)
 r - a +1 kite shield (worn)
 y - a +1 hat (worn)
 D - a +2 robe of resistance (worn)
Magical Staves
 b - an uncursed staff of energy
Jewellery
 p - an uncursed amulet of reflection
 E - an amulet of magic regeneration (around neck)
Wands
 u - a wand of iceblast (11)
 A - a wand of random effects (26)
Scrolls
 f - 3 scrolls of amnesia
 m - 4 scrolls of remove curse
 v - 8 scrolls of teleportation
 C - 2 scrolls of fear
Potions
 d - 3 potions of mutation
 g - 2 potions of degeneration {unknown}
 h - 4 potions of magic
 i - 4 potions of curing
 o - a potion of invisibility {unknown}
 q - 2 potions of stabbing {unknown}
 s - 3 potions of lignification {unknown}
 t - 3 potions of haste
 w - 6 potions of heal wounds
 x - 2 potions of ambrosia {unknown}
 z - a potion of might {unknown}
Comestibles
 c - 20 rations
 n - 5 chunks of flesh


   Skills:
 + Level 6.0 Fighting
 - Level 3.7 Dodging
 + Level 3.6 Stealth
 * Level 7.9 Shields
 + Level 10.1 Spellcasting
 - Level 7.0 Conjurations
 + Level 6.8 Hexes
 + Level 6.6 Translocations


You had 19 spell levels left.
You knew the following spells:

 Your Spells              Type           Power        Failure   Level  Hunger
a - Magic Dart            Conj           ####         1%          1    None
b - Searing Ray           Conj           #####.       1%          2    None
c - Iskenderun's Mystic   Conj/Tloc      #####...     8%          4    #......
d - Fulminant Prism       Conj/Hex       #####.....   8%          4    #......

Your spell library contained the following spells:

 Spells                   Type           Power        Failure   Level  Hunger
 Corona                   Hex            #####..      1%          1    None
 Slow                     Hex            #####...     1%          2    None
 Dazzling Flash           Conj/Hex       #####.       2%          3    None
 Portal Projectile        Hex/Tloc       #####.       2%          3    None
 Cause Fear               Hex            #####.....   8%          4    #......
 Inner Flame              Hex/Fire       ####....     10%         3    None
 Freeze                   Ice            ##..         13%         1    None
 Hailstorm                Conj/Ice       ####....     30%         4    #......
 Leda's Liquefaction      Hex/Erth       ####......   30%         4    #......
 Frozen Ramparts          Ice            ##....       36%         3    None
 Ozocubu's Armour         Chrm/Ice       ##......     36%         3    None
 Summon Ice Beast         Ice/Summ       ##......     77%         4    #......


Dungeon Overview and Level Annotations

Branches:
Dungeon (11/15)            Temple (1/1) D:7            Lair (0/6) D:8
Ossuary (visited)
    Orc: D:9-12

Altars:
Ashenzari
Cheibriados
Dithmenos
Elyvilon
Fedhas
Gozag
Hepliaklqana
Kikubaaqudgha
Makhleb
Nemelex Xobeh
Okawaru
Qazlal
Ru
Sif Muna
Trog
Uskayaw
Vehumet
Wu Jian
Xom
Yredelemnul
Zin
The Shining One

Shops:
D:5 }!([:


Innate Abilities, Weirdness & Mutations

You have a pair of small antennae on your head.
You are robust. (+10% HP)


Message History

You erupt in a blast of force!
The mystic blast hits the two-headed ogre!
The two-headed ogre is severely wounded.
The two-headed ogre is knocked back by the mystic blast.
The two-headed ogre slams into the rock wall!
You hear a howl!
A warg comes into view.
Casting: Iskenderun's Mystic Blast (dangerous; 9% risk of failure)
Confirm with . or Enter, or press ? or * to list all spells.
You erupt in a blast of force!
The mystic blast hits the two-headed ogre!
You kill the two-headed ogre!
Dithmenos accepts your kill.
Your Fighting skill increases to level 6!
Casting: Iskenderun's Mystic Blast (dangerous; 8% risk of failure)
Confirm with . or Enter, or press ? or * to list all spells.
You don't have enough magic to cast that spell.
An orc priest comes into view. It is wielding a +0 whip.
The two-headed ogre hits you with a +0 giant club!
You die...

##'#####+##.....##.........
#.....##.##..........# ....
#.....##.##..........##....
#.....##.##................
#.....##.# #...............
#..(..##.######.##.........
#.....÷....).o............
#######.#.Oh........)..... ##
#.#@####............ .... #.#.#
#.#...))..... ....####
#.#.####.#.......#..
.....(..####......#.#....÷.....
............##<##.#.#.....#....
............##.##.#.#.....#.###
............##.##.#.#..........
............#...#.#.#...###.###
......#..#..#.#.#.#.#...# #.###


You could see a two-headed ogre, a warg and an orc priest.

Vanquished Creatures
  An ogre mage (D:11)
  2 two-headed ogres
  Psyche (D:9)
  Joseph (D:8)
  A troll (D:11)
  Prince Ribbit (D:9)
  Grinder (D:3)
  2 wraiths
  A spriggan (D:7)
  3 yaks (D:11)
  A water moccasin (D:6)
  2 orc warriors
  2 phantoms
  A black bear (D:10)
  4 sky beasts
  3 ogres
  2 centaurs
  A crocodile (D:10)
  3 big kobolds
  8 bullfrogs
  A water moccasin zombie (Ossuary)
  A scorpion (D:6)
  8 killer bees
  3 wights (D:6)
  A howler monkey (D:6)
  4 crimson imps
  A centaur zombie (D:10)
  A quasit (D:10)
  A bullfrog zombie (D:10)
  3 centaur skeletons
  7 orc priests
  5 orc wizards
  A bullfrog skeleton (D:5)
  5 hounds
  4 jellies
  2 iguanas
  5 worker ants
  5 big kobold zombies (Ossuary)
  A hound zombie (D:5)
  A hound skeleton (D:6)
  2 mummies (Ossuary)
  3 gnolls (D:10)
  7 adders
  An ooze (D:1)
  4 adder zombies
  2 adder skeletons
  4 worms
  5 dart slugs
  9 leopard geckos
  30 orcs
  A ball python (D:3)
  8 bats
  6 giant cockroaches
  A gnoll zombie (Ossuary)
  7 goblins
  7 hobgoblins
  10 jackals
  5 quokkas
  6 frilled lizards
  5 hobgoblin zombies (Ossuary)
  17 kobolds
  6 kobold zombies (Ossuary)
  A leopard gecko skeleton (D:4)
  7 orc zombies (Ossuary)
  A quokka skeleton (D:5)
  A quokka zombie (D:6)
  7 rats
  A fulminant prism (D:11)
265 creatures vanquished.

Vanquished Creatures (others)
  A kobold (D:10)
  7 fulminant prisms
8 creatures vanquished.

Grand Total: 273 creatures vanquished

Notes
Turn   | Place    | Note
-------+----------+-------------------------------------------
     0 | D:1      | nikku the Deep Elf Conjurer began the quest for the Orb.
     0 | D:1      | Reached XP level 1. HP: 10/10 MP: 6/6
   170 | D:1      | Reached XP level 2. HP: 16/16 MP: 6/8
   764 | D:2      | Reached skill level 1 in Fighting
   911 | D:2      | Learned a level 2 spell: Searing Ray
   997 | D:2      | Reached XP level 3. HP: 20/20 MP: 0/10
  1453 | D:2      | Reached skill level 4 in Spellcasting
  1491 | D:2      | Reached skill level 5 in Conjurations
  1730 | D:2      | Reached XP level 4. HP: 24/25 MP: 7/12
  2032 | D:2      | Learned a level 2 spell: Searing Ray
  2088 | D:3      | Noticed Grinder
  2092 | D:3      | Paralysed by Grinder for 2 turns
  2098 | D:3      | Killed Grinder
  2098 | D:3      | Reached skill level 5 in Spellcasting
  2098 | D:3      | Reached XP level 5. HP: 29/31 MP: 1/14
  2461 | D:3      | Reached XP level 6. HP: 36/36 MP: 9/15
  3511 | D:4      | You fall into a shaft and drop 1 floor!
  3511 | D:5      | Entered Level 5 of the Dungeon
  3616 | D:5      | Reached skill level 1 in Shields
  3654 | D:5      | Found Aplelyug's Distillery.
  3662 | D:5      | Bought a potion of heal wounds for 50 gold pieces
  3662 | D:5      | Bought a potion of heal wounds for 50 gold pieces
  3707 | D:5      | Found Dais's Antique Weapon Shoppe.
  3965 | D:5      | Gained mutation: You are robust. (+10% HP) [potion of
                  | mutation]
  3965 | D:5      | Gained mutation: You have a pair of small antennae on your
                  | head. [potion of mutation]
  4218 | D:5      | Reached XP level 7. HP: 44/44 MP: 8/17
  4297 | D:5      | Found Nuliman's Gadget Boutique.
  4494 | D:5      | Learned a level 4 spell: Iskenderun's Mystic Blast
  4544 | D:5      | Found Gueblauz's Antique Armour Boutique.
  4596 | D:5      | Reached skill level 6 in Spellcasting
  4639 | D:5      | Found Awadufun's Book Shop.
  4949 | D:6      | Reached skill level 1 in Translocations
  5154 | D:6      | Reached XP level 8. HP: 45/50 MP: 9/19
  5606 | D:6      | Learned a level 4 spell: Fulminant Prism
  5729 | D:6      | Reached skill level 7 in Spellcasting
  5890 | D:6      | Reached skill level 1 in Hexes
  6365 | D:7      | Found a sand-covered staircase.
  6369 | D:7      | Found a snail-covered altar of Cheibriados.
  6370 | D:7      | Found a hide-covered altar of Uskayaw.
  6370 | D:7      | Found a shimmering altar of Xom.
  6371 | D:7      | Found a bloodstained altar of Trog.
  6376 | Ossuary  | Entered an ossuary
  6657 | Ossuary  | Reached XP level 9. HP: 57/57 MP: 19/22
  7074 | D:7      | Reached skill level 5 in Shields
  7102 | D:7      | Found a staircase to the Ecumenical Temple.
  8018 | D:8      | Reached skill level 8 in Spellcasting
  8255 | D:8      | Found a staircase to the Lair.
  8272 | D:8      | Noticed Joseph
  8278 | D:8      | Killed Joseph
  9077 | D:9      | Noticed a two-headed ogre
  9087 | D:9      | Killed a two-headed ogre
  9087 | D:9      | Reached skill level 5 in Fighting
  9087 | D:9      | Reached skill level 5 in Translocations
  9087 | D:9      | Reached XP level 10. HP: 64/64 MP: 13/24
  9209 | D:9      | Noticed Psyche
  9215 | D:9      | Killed Psyche
  9215 | D:9      | Reached skill level 9 in Spellcasting
  9215 | D:9      | Reached skill level 5 in Hexes
  9387 | D:9      | Noticed Prince Ribbit
  9392 | D:9      | Killed Prince Ribbit
  9535 | D:9      | Found an opulent altar of Gozag.
  9536 | D:9      | Found a sparkling altar of Nemelex Xobeh.
 10192 | D:10     | Entered Level 10 of the Dungeon
 10978 | Temple   | Entered the Ecumenical Temple
 11127 | Temple   | Became a worshipper of Dithmenos the Shadowed
 11431 | D:10     | Got a smoking trident
 11432 | D:10     | Identified the +2 trident of Fear {flame, rF+ rC- MR+
                  | Str+2} (You found it on level 10 of the Dungeon)
 11790 | D:11     | Noticed a skeletal warrior
 11791 | D:11     | Noticed a death knight
 12896 | D:11     | Got a scorched flail
 12923 | D:11     | Identified the +2 flail "Ocogh" {speed, MR+} (You found it
                  | on level 11 of the Dungeon)
 12931 | D:11     | Found a shadowy altar of Dithmenos.
 13064 | D:11     | Noticed an ogre mage
 13079 | D:11     | Noticed a two-headed ogre
 13084 | D:11     | Noticed a two-headed ogre
 13085 | D:11     | Killed an ogre mage
 13085 | D:11     | Reached skill level 10 in Spellcasting
 13085 | D:11     | Reached XP level 11. HP: 15/70 MP: 10/27
 13087 | D:11     | Killed a two-headed ogre
 13089 | D:11     | Slain by a two-headed ogre

Illustrated notes

Levels and vault maps discovered:
D:1:      lightli_arrival_boilingwater, layout_basic
D:2:      layout_loops_corners
D:3:      layout_loops_ring, uniq_grinder
D:4:      layout_cave_pools
D:5:      corexii_shack_village, layout_loops_ring, first_ration, serial_shops,
          nicolae_shop_behind_doors, kennysheep_mini, shop, shop,
          nicolae_shop_crystal
D:6:      layout_loops_ring
D:7:      layout_cave_pods, chequers_temple_overflow_statue_of_worship,
          minmay_temple_entry_stoned_glass, nicolae_ossuary_entry_monument,
          corexii_leaking_fountain, nrook_loot_triangle, the_bakery
D:8:      layout_cave_pods, dpeg_oklobed_lair, minmay_misc_feat_iff, uniq_joseph
D:9:      layout_loops_corners, grunt_temple_overflow_opulence,
          uniq_prince_ribbit1, uniq_psyche
D:10:     layout_basic
D:11:     layout_basic, erik_orc_4, nicolae_dithmenos_shadow_blocks
Temple:   nicolae_temple_elliptical

Skill      XL: |  1  2  3  4  5  6  7  8  9 10 11 |
---------------+----------------------------------+-----
Fighting       | 1 2 3 4 5 6 |  6.0
Spellcasting   | 4 5 6 7 8 10 | 10.1
Conjurations   | 5 6 7 |  7.0
Dodging        | 3 |  3.7
Shields        | 1 3 4 6 7 |  7.9
Translocations | 1 3 5 6 |  6.6
Hexes          | 1 4 6 |  6.8
Stealth        | 3 |  3.6

Action                   |  1- 3 |  4- 6 |  7- 9 | 10-12 || total
-------------------------+-------+-------+-------+-------++-------
Melee: Staff             |       |       |     1 |       ||     1
 Cast: Magic Dart        |    75 |    93 |   193 |   106 ||   467
       Searing Ray       |     1 |    10 |    47 |    31 ||    89
       Iskenderun's Myst |       |       |     1 |    23 ||    24
       Fulminant Prism   |       |       |       |     8 ||     8
  Use: Scroll            |     6 |     7 |     8 |     4 ||    25
       Potion            |       |     1 |       |       ||     1
  Eat: Chunk             |     2 |     7 |    14 |     7 ||    30
       Ration            |       |       |       |     2 ||     2
Armor: Robe              |     4 |     5 |     9 |     8 ||    26
Dodge: Dodged            |     6 |     4 |    29 |    31 ||    70
Block: Kite shield       |       |     9 |    81 |    51 ||   141
       Reflection        |       |     3 |     4 |    11 ||    18
       Rpst.: Falchion   |       |     1 |       |       ||     1
